Description

Eco stargate into standard Immortal/Archon, transitioning into late game carriers.

VOD

https://www.youtube.com/watch?v=Y6-T47L_mA0

Replay - Serral v ShoWTimE: Game 1 - Triton LE

Build Order

Get SALT Encoding   

  12  0:00  Probe  
  13  0:12  Probe  
  14  0:18  Pylon  
  14  0:24  Probe  
  15  0:32  Probe  
  15  0:38  Gateway  
  15  0:40  Probe  
  16  0:46  Assimilator  
  17  0:51  Probe  
  18  1:03  Probe  
  19  1:15  Probe  
  20  1:24  Nexus  
  20  1:34  Cybernetics Core  
  20  1:37  Probe  
  21  1:42  Assimilator  
  21  1:49  Probe  
  21  1:52  Pylon  
  22  2:00  Adept  
  26  2:16  Stargate  
  26  2:23  Warp Gate  
  27  2:30  Adept  
  33  2:51  Oracle  
  40  3:13  Gateway x2  
  42  3:22  Pylon  
  43  3:31  Phoenix  
  46  3:37  Pylon  
  46  3:40  Adept  
  49  3:47  Assimilator x2  
  50  3:50  Oracle  
  55  4:04  Pylon  
  57  4:18  Adept x3  
  57  4:20  Oracle  
  67  4:35  Robotics Facility  
  67  4:39  Adept  
  69  4:56  Sentry x2  
  72  5:10  Nexus  
  74  5:22  Shield Battery  
  74  5:23  Sentry, Observer  
  79  5:40  Forge, Immortal  
  79  5:42  Twilight Council  
  77  5:43  Sentry  
  83  5:59  Protoss Ground Weapons Level 1  
  83  6:03  Zealot x2  
  89  6:05  Charge  
  91  6:18  Zealot  
  95  6:30  Assimilator x2  
  95  6:31  Gateway  
  99  6:40  Gateway  
  99  6:43  Templar Archives  
  99  6:47  Immortal  
  99  6:52  Zealot  
  107  7:04  Gateway x2  
  105  7:20  Gateway x2  
  105  7:21  Psionic Storm, High Templar x3  
  111  7:26  Archon  
  111  7:28  Gateway  
  114  7:30  Immortal  
  114  7:34  Archon  
  117  7:44  Zealot  
  119  7:58  Zealot x5  
  125  7:59  Warp Prism  
  129  8:11  Protoss Ground Weapons Level 2  
  129  8:20  High Templar x4  
  129  8:24  Archon x2  
  141  8:28  Immortal  
  129  8:54  Sentry  
  130  9:04  Immortal  
  136  9:21  High Templar x2  
  144  9:26  Archon  
  146  9:50  Archon x2  
  151  9:53  Nexus  
  157  10:00  Archon  
  168  10:27  Protoss Ground Weapons Level 3  
  176  10:37  Assimilator x2  
  179  10:55  Observer  
  181  11:01  Fleet Beacon  
  185  11:31  Stargate x2  
  195  11:58  Carrier  
  195  12:14  Protoss Air Weapons Level 1  
Spawning Tool Build Advisor. Get it on Overwolf

Go to:

Details

  • Created by: msnx13
  • Published on: Jul 16, 2020
  • Modified on: Jul 16, 2020
  • Patch: 4.11.0
  • Difficulty: Easy
Show
View Real Time Build Order
Export as new Build Order

Comments (0)

There are no comments. Be the first!

Create an account to comment!